 Dungeon Crawl Stone Soup version 0.17.1-1-g73c8601 (webtiles) character file.

3710 steelSky the Cleaver (level 9, -13/72 HPs)
             Began as a Minotaur Berserker on Dec 22, 2015.
             Was a High Priest of Trog.
             Mangled by a polar bear (25 damage)
             ... on level 7 of the Dungeon on Dec 27, 2015.
             The game lasted 00:36:18 (7471 turns).

steelSky the Cleaver (Minotaur Berserker)           Turns: 7471, Time: 00:36:18

Health: -13/72     AC: 11    Str: 25    XL:     9   Next: 91%
Magic:  8/8        EV: 10    Int:  5    God:    Trog [*****.]
Gold:   256        SH:  0    Dex: 13    Spells: 0 memorised, 8 levels left

rFire  . . .     SeeInvis .     G - +3 war axe of Regicide {elec, Str+4 Stlth+}
rCold  . . .     Clarity  .     k - +0 chain mail
rNeg   . . .     SustAt   .     (no shield)
rPois  .         Gourm    .     (helmet restricted)
rElec  .         Spirit   .     r - +0 cloak
rCorr  .         Warding  .     e - +0 pair of gloves
rMut   .         Stasis   .     (no boots)
MR     .....                    (no amulet)
Stlth  ..........               (no ring)
                                (no ring)

@: not resistant to hostile enchantments, extremely unstealthy
A: retaliatory headbutt, horns 2
a: Berserk, Trog's Hand, Brothers in Arms, Burn Spellbooks, Renounce Religion


You were on level 7 of the Dungeon.
You worshipped Trog.
Trog was extremely pleased with you.
You were not hungry.

You visited 1 branch of the dungeon, and saw 7 of its levels.

You collected 412 gold pieces.
You spent 156 gold pieces at shops.

Inventory:

Hand Weapons
 a - a +0 hand axe
 p - a +0 hunting sling
 G - the +3 war axe of Regicide (weapon) {elec, Str+4 Stlth+}
   (You found it on level 5 of the Dungeon)

   Occasionally, upon striking a foe, it will discharge some electrical energy
   and cause terrible harm.
   It affects your strength (+4).
   It makes you more stealthy.
Missiles
 t - 14 tomahawks
 z - 6 javelins of penetration (quivered)
Armour
 e - a +0 pair of gloves (worn)
 k - a +0 chain mail (worn)
 r - a +0 cloak (worn)
Rods
 H - a -3 rod of ignition (11/11)
   (You found it on level 5 of the Dungeon)
Jewellery
 v - an uncursed ring of wizardry
Wands
 f - a wand of confusion (17)
 j - a wand of flame (22)
 o - a wand of enslavement (6)
 C - a wand of draining (6)
Scrolls
 d - 6 scrolls of remove curse
 g - 2 scrolls of teleportation
 i - a scroll of amnesia {unknown}
 l - a scroll of magic mapping {unknown}
 m - a scroll of identify
 n - 2 scrolls of enchant weapon {unknown}
 y - a scroll of recharging {unknown}
 A - a scroll of immolation {unknown}
 B - a scroll of torment {unknown}
 K - 2 scrolls of blinking {unknown}
Potions
 b - 3 potions of curing
 h - 2 potions of poison
 q - a potion of lignification {unknown}
 s - a potion of ambrosia {unknown}
 u - a potion of berserk rage {unknown}
 x - a potion of invisibility {unknown}
 D - 3 potions of flight
 E - a potion of agility {unknown}
 F - a potion of mutation {unknown}
 I - a potion of brilliance {unknown}
Comestibles
 c - 6 bread rations
 w - 2 meat rations
 J - a slice of pizza


   Skills:
 + Level 4.7 Fighting
 - Level 14.1 Axes
 - Level 6.2 Throwing
 - Level 2.4 Armour
 - Level 4.0 Dodging


You had 8 spell levels left.
You didn't know any spells.

Dungeon Overview and Level Annotations

Branches:
Dungeon (7/15)             Temple (0/1) D:6

Altars:
Ashenzari
Cheibriados
Dithmenos
Gozag
Kikubaaqudgha
Makhleb
Ru
Trog
Vehumet
Xom
The Shining One

Shops:
D:4 %


Innate Abilities, Weirdness & Mutations

You reflexively headbutt those who attack you in melee.
You have a pair of horns on your head.


Message History

There is a sudden explosion of sparks!
You headbutt the polar bear, but do no damage.
The polar bear is almost dead.
The polar bear bites you!!
* * * LOW HITPOINT WARNING * * *
The polar bear claws you.
* * * LOW HITPOINT WARNING * * *
The polar bear claws you but does no damage.
The polar bear bites you.
* * * LOW HITPOINT WARNING * * *
The polar bear claws you but does no damage. x2
The polar bear completely misses you. The polar bear closely misses you.
The polar bear barely misses you.
You slash the polar bear!
The polar bear is almost dead.
The polar bear barely misses you.
The polar bear claws you but does no damage. x2
The polar bear rages.
The polar bear bites you!!
You die...

....hh#..##Y###....# #..# #..#
......h)h†Y........#####..###..##
#####.#..##h####................#
......#.h##.####..#######.###..##
#######.....hh.#..#........##..#
# ##.##.......#............#
########.#####hH..########.##.###
.......#.# #.h...)............#
######.#.# #.#@#########.###### #
#.#.# #.#.^...........# # #.#.#
#############.#.# ######.#.#
#.#.# .........# #.#.# ######.###
#.#.# ######.# #.#.# .......#
#.#.#### ######.# #......#


You could see 4 polar bears, a hippogriff, a hound and a sheep.

Vanquished Creatures
  Sigmund (D:2)
  Eustachio (D:5)
  A hog (D:7)
  A deep elf mage (D:7)
  A necrophage (D:5)
  3 orc warriors
  2 centaurs
  2 sky beasts
  5 ogres
  A crocodile (D:7)
  4 giant frogs
  A gnoll sergeant (D:7)
  A scorpion (D:3)
  3 wights (D:7)
  10 killer bees (D:7)
  The ghost of Cab the Grave Robber, a weakling DDNe (D:4)
  8 orc priests
  A giant frog skeleton (D:6)
  3 hounds
  Crazy Yiuf (D:2)
  2 iguanas
  2 centaur skeletons
  4 orc wizards
  4 worker ants
  A hound skeleton (D:4)
  6 gnolls (D:7)
  8 adders
  2 shadow imps (D:6)
  5 worms
  3 giant geckos
  35 orcs
  A bat zombie (D:3)
  6 giant cockroaches
  13 goblins
  7 hobgoblins
  6 jackals
  2 quokkas
  A ball python (D:6)
  6 bats
  A giant gecko zombie (D:5)
  4 giant newts
  2 jackal skeletons
  5 kobolds
  9 rats
  2 rat zombies (D:3)
188 creatures vanquished.

Notes
Turn   | Place    | Note
--------------------------------------------------------------
     0 | D:1      | steelSky the Minotaur Berserker began the quest for the Orb.
     0 | D:1      | Reached XP level 1. HP: 19/19 MP: 0/0
     7 | D:1      | Noticed an anaconda
     7 | D:1      | Noticed a hound
     7 | D:1      | Noticed a polar bear
     8 | D:1      | Noticed a swamp drake
     8 | D:1      | Noticed an iguana
    96 | D:1      | Reached skill level 4 in Axes
   266 | D:1      | Reached XP level 2. HP: 26/26 MP: 1/1
   525 | D:1      | Reached skill level 5 in Axes
   572 | D:1      | Reached ** piety under Trog
   927 | D:2      | Reached XP level 3. HP: 31/31 MP: 2/2
  1046 | D:2      | Found a snail-covered altar of Cheibriados.
  1164 | D:2      | Noticed Crazy Yiuf
  1171 | D:2      | Killed Crazy Yiuf
  1171 | D:2      | Reached skill level 6 in Axes
  1171 | D:2      | Reached XP level 4. HP: 29/39 MP: 3/3
  1418 | D:2      | Noticed Sigmund
  1448 | D:2      | Killed Sigmund
  1448 | D:2      | Reached skill level 8 in Axes
  1448 | D:2      | Reached XP level 5. HP: 36/45 MP: 4/4
  1779 | D:2      | You fall through a shaft for 2 floors!
  1801 | D:4      | Noticed an ogre
  1806 | D:4      | Reached XP level 6. HP: 51/51 MP: 5/5
  1826 | D:4      | Killed an ogre
  2027 | D:4      | Reached skill level 9 in Axes
  2479 | D:4      | Reached XP level 7. HP: 38/57 MP: 6/6
  2730 | D:3      | Reached *** piety under Trog
  2918 | D:3      | Reached skill level 1 in Throwing
  3053 | D:3      | Found an ancient bone altar of Kikubaaqudgha.
  3174 | D:3      | Received a gift from Trog
  3336 | D:4      | Noticed Cab's ghost (weakling DDNe)
  3344 | D:4      | Killed Cab's ghost
  3361 | D:4      | Found Vudae's Food Shop.
  3364 | D:4      | Bought a beef jerky for 18 gold pieces
  3364 | D:4      | Bought a beef jerky for 18 gold pieces
  3364 | D:4      | Bought a bread ration for 60 gold pieces
  3364 | D:4      | Bought a bread ration for 60 gold pieces
  3519 | D:4      | Found a shattered altar of Ashenzari.
  3532 | D:4      | Found a shimmering altar of Xom.
  3539 | D:4      | Found a shadowy altar of Dithmenos.
  3845 | D:5      | Entered Level 5 of the Dungeon
  3952 | D:5      | Got a brightly glowing war axe
  3954 | D:5      | Identified the +3 war axe of Regicide {elec, Str+4 Stlth+} (You found it on level 5 of the Dungeon)
  3974 | D:5      | Noticed Eustachio
  4017 | D:5      | Found a glowing golden altar of the Shining One.
  4118 | D:5      | Killed Eustachio
  4118 | D:5      | Reached skill level 5 in Throwing
  4118 | D:5      | Reached XP level 8. HP: 52/64 MP: 7/7
  4209 | D:5      | Found a burning altar of Makhleb.
  5056 | D:6      | Found a staircase to the Ecumenical Temple.
  5061 | D:6      | Reached skill level 10 in Axes
  5174 | D:6      | Reached **** piety under Trog
  5201 | D:6      | Reached skill level 11 in Axes
  5466 | D:6      | Found a radiant altar of Vehumet.
  5521 | D:6      | Reached XP level 9. HP: 51/70 MP: 8/8
  5655 | D:6      | Found a bloodstained altar of Trog.
  6169 | D:7      | Reached skill level 12 in Axes
  6236 | D:7      | Found a huge runed gate.
  6247 | D:7      | Found a huge runed gate.
  6247 | D:7      | Found a huge runed gate.
  6248 | D:7      | Found a huge runed gate.
  6392 | D:7      | Found a sacrificial altar of Ru.
  6447 | D:7      | Reached skill level 13 in Axes
  6510 | D:7      | Found an opulent altar of Gozag.
  6533 | D:7      | Identified a -3 rod of ignition (11/11) (You found it on level 5 of the Dungeon)
  7194 | D:7      | Reached skill level 14 in Axes
  7265 | D:7      | Reached ***** piety under Trog
  7471 | D:7      | Mangled by a polar bear

Action                   |  1- 3 |  4- 6 |  7- 9 || total
-------------------------+-------+-------+-------++-------
Melee: Hand axe          |    88 |    72 |    96 ||   256
       War axe           |       |       |   197 ||   197
Throw: Stone             |    18 |     1 |       ||    19
       Tomahawk          |       |     1 |     4 ||     5
       Javelin           |       |       |     7 ||     7
Invok: Berserk           |     1 |     2 |       ||     3
  Use: Scroll            |       |     2 |     4 ||     6
  Eat: Fruit             |     2 |       |     4 ||     6
       Pizza             |       |     1 |       ||     1
       Meat ration       |       |     1 |       ||     1
       Bread ration      |       |     1 |     1 ||     2
       Beef jerky        |       |       |     3 ||     3
